 Dungeon Crawl Stone Soup version 0.31-a0-960-g0fca184906 (webtiles) character file.

Game seed: 719145347330581145

58 Azuregosa the Sneak (level 4, 35/35 HPs)
             Began as a Formicid Brigand on Oct 23, 2023.
             Quit the game on level 2 of the Dungeon.
             The game lasted 00:04:57 (1098 turns).

Azuregosa the Sneak (Formicid Brigand)              Turns: 1098, Time: 00:04:58

Health: 35/35      AC:  7    Str: 18    XL:     4   Next: 21%
Magic:  4/4        EV:  9    Int: 10    God:
Gold:   127        SH:  0    Dex: 15    Spells: 3/3 levels left

rFire   . . .        a - +2 dagger
rCold   . . .        (no shield)
rNeg    . . .        k - +0 scale mail
rPois   .            (helmet unavailable)
rElec   .            c - +0 cloak
rCorr   .            (no gloves)
SInv    +            (no boots)
Will    .....        (no amulet)
Stlth   ++           (no ring)
HPRegen 0.25/turn    (no ring)
MPRegen 0.09/turn

%: no passive effects
@: no status effects
A: permanent stasis, dig shafts and tunnels, antennae 3, four strong arms
a: Dig, Shaft Self


You were on level 2 of the Dungeon.
You visited 1 branch of the dungeon, and saw 2 of its levels.

You collected 127 gold pieces.

Inventory:

Hand Weapons
 a - a +2 dagger (weapon)
 i - a +2 whip of freezing
 q - a +1 dagger of venom
Missiles
 d - 9 poisoned darts (quivered)
 e - 3 curare-tipped darts
 f - 10 stones
Armour
 b - a +0 robe
 c - a +0 cloak (worn)
 g - a +0 leather armour
 k - a +0 scale mail (worn)
Scrolls
 h - a scroll of revelation {unknown}
 j - 2 scrolls of identify {unknown}
 l - a scroll of immolation {unknown}
 m - a scroll of poison {unknown}
 n - a scroll of summoning {unknown}
 p - a scroll of vulnerability {unknown}
Potions
 o - a potion of invisibility {unknown}


   Skills:
 + Level 3.4 Fighting
 + Level 2.3 Short Blades
 - Level 2.0 Throwing
 + Level 2.0 Armour
 - Level 0.8 Dodging
 - Level 5.1 Stealth


You had 3 spell levels left.
You didn't know any spells.
Your spell library contained the following spells:

 Spells                   Type           Power      Damage    Failure   Level
 Manifold Assault         Tloc           0%         N/A       100%        4
 Blink                    Tloc           Unusable   N/A       N/A         2

Dungeon Overview and Level Annotations

Branches:
Dungeon (2/15)

Altars:


Innate Abilities, Weirdness & Mutations

You cannot be hasted, slowed, berserked, paralysed or teleported.
You can dig through walls and to a lower floor.
You have a pair of large antennae on your head. (SInv)
Your four strong arms can wield two-handed weapons with a shield.


Message History

Found a stone staircase leading down.
You now have 127 gold pieces (gained 14).
A hobgoblin comes into view.
The hobgoblin shouts!
The hobgoblin hits you but does no damage.
The hobgoblin hits you.
You hit the hobgoblin. You freeze the hobgoblin.
You kill the hobgoblin!
You have reached level 4!
You feel stronger.
HP restored.
p - a scroll labelled JUAFFI COANIR A goblin comes into view.
It is wielding a +1 dagger of venom.
The goblin shouts!
You hear an angry hiss.
The goblin barely misses you.
You hit the goblin. You freeze the goblin.
You kill the goblin!
You see here a +1 dagger of venom.
q - a +1 dagger of venom You sense a monster nearby.
Your +2 whip of freezing stops glowing.
a - a +2 dagger (weapon)
A ball python comes into view.
The ball python hisses angrily.
You barely miss the ball python. The ball python barely misses you. x2
The ball python closely misses you. The ball python grabs you.
The ball python constricts you.
You hit the ball python.
You kill the ball python!
An adder comes into view.
An adder comes into view.
Found a robe.
The helpless adder fails to defend itself.
You impale the adder!!
You kill the adder!
Your Armour skill increases to level 2!
You see here an adder corpse.
You enter a dispersal trap!
You feel a strange sense of stasis.
There is a dispersal trap here.
Are you sure you want to abandon this character and quit the game? (Confirm with "yes".)

.# ###### #.# #
#@...###.## #[#
#.##.##...# ...
#†##.##...# #..
#....##...#
#.#...#..####...#
..
................#
..
#.......######..#
#.# +...###.#
#.....# #.#.# #..
#.###.##.###


There were no monsters in sight!

Vanquished Creatures
  2 adders (D:2)
  2 dart slugs (D:1)
  3 ball pythons
  4 endoplasms (D:1)
  3 goblins
  3 hobgoblins
  3 jackals (D:1)
  3 kobolds
  3 quokkas
  3 bats
  A frilled lizard (D:1)
  5 rats
35 creatures vanquished.

Notes
Turn   | Place    | Note
-------+----------+-------------------------------------------
     0 | D:1      | Azuregosa the Formicid Brigand began the quest for the Orb.
     0 | D:1      | Reached XP level 1. HP: 16/16 MP: 1/1
    55 | D:1      | Reached skill level 5 in Stealth
    57 | D:1      | Reached XP level 2. HP: 20/23 MP: 2/2
   299 | D:1      | Reached XP level 3. HP: 28/28 MP: 3/3
   460 | D:1      | Reached skill level 1 in Armour
   714 | D:1      | Found a faded altar of an unknown god.
  1040 | D:2      | Reached XP level 4. HP: 33/35 MP: 4/4
  1098 | D:2      | Quit the game

Illustrated notes

Levels and vault maps discovered:
D:1:      dpeg_arrival_central, layout_loops_ring, ebering_ecumenical_altar_box
D:2:      minmay_evil_eye, layout_basic, uniq_terence

Skill      XL: |  1  2  3  4 |
---------------+-------------+-----
Stealth        | 5 |  5.1
Armour         | 1 2 |  2.0
Fighting       | 3 |  3.4
Short Blades   | |  2.3
Throwing       | |  2.0
Dodging        | |  0.8

Action                     |  1- 3 |  4- 6 || total
---------------------------+-------+-------++-------
  Melee: Dagger            |    22 |     3 ||    25
         Punch             |     1 |       ||     1
         Whip              |    76 |     1 ||    77
   Stab: Sleeping          |     3 |     1 ||     4
 Armour: Robe              |     6 |       ||     6
         Leather armour    |     3 |       ||     3
         Scale mail        |    38 |       ||    38
  Dodge: Dodged            |    42 |     4 ||    46

Table legend: (Time is in decaauts)
 A = Elapsed time spent in this place.
 B = Non-inter-level travel time spent in this place.
 C = Inter-level travel time spent in this place.
 D = Time resting spent in this place.
 E = Time spent auto-exploring this place.
 F = Levels seen in this place.
 G = Mean time per level.
                   A        B        C        D        E       F      G
               +--------+--------+--------+--------+--------+-----+--------+
         Total |   1102 |   1047 |     55 |      2 |    653 |   2 |  551.0 |
       Dungeon |   1102 |   1047 |     55 |      2 |    653 |   2 |  551.0 |
               +--------+--------+--------+--------+--------+-----+--------+

Top non-repeatable levels by time:
     D:1: 927 daAuts
     D:2: 174 daAuts
